 Seeded DCSS version 0.30-a0-187-gd9c2deaf24 (webtiles) character file.

Game seed: 12303166777707820612 (custom seed)

33 Nerdsrcool the Poker (level 3, 0/2 (31) HPs)
             Began as a Gnoll Reaver on Oct 3, 2022.
             Slain by a quokka (2 damage)
             ... on level 1 of the Dungeon.
             The game lasted 00:05:15 (707 turns).

Nerdsrcool the Poker (Gnoll Reaver)                  Turns: 707, Time: 00:05:16

HP:   0/2 (31)      AC:  3    Str: 11    XL:     3   Next: 29%
MP:   9/9           EV: 12    Int: 14    God:
Gold: 58            SH:  0    Dex: 10    Spells: 11/12 levels left

rFire   . . .      SeeInvis .    a - +0 spear (vorpal)
rCold   . . .      Faith    .    (no shield)
rNeg    . . .      Spirit   .    b - +0 leather armour
rPois   .          Reflect  .    (no helmet)
rElec   .          Harm     .    (no cloak)
rCorr   .          Rampage  .    (no gloves)
Will    .....                    (no boots)
Stlth   +.........               (no amulet)
HPRegen 0.20/turn                (no ring)
MPRegen 0.11/turn                (no ring)

@: extremely drained
A: fangs 1, strong nose, distributed training
a: no special abilities


You were on level 1 of the Dungeon.
You visited 1 branch of the dungeon, and saw 1 of its levels.

You collected 58 gold pieces.

Inventory:

Hand Weapons
 a - a +0 vorpal spear (weapon)
Missiles
 c - 12 stones
Armour
 b - a +0 leather armour (worn)
Scrolls
 d - a scroll of identify {unknown}
 f - a scroll of teleportation
Potions
 e - a potion of magic {unknown}
 g - a potion of curing
 k - 2 potions of attraction


   Skills:
 + Level 4.5 Fighting
 + Level 0.8 Short Blades
 + Level 0.8 Long Blades
 + Level 0.8 Axes
 + Level 0.8 Maces & Flails
 + Level 6.5 Polearms
 + Level 0.8 Staves
 + Level 0.8 Ranged Weapons
 + Level 0.8 Throwing
 + Level 0.8 Armour
 + Level 4.5 Dodging
 + Level 0.8 Stealth
 + Level 0.8 Shields
 + Level 0.8 Unarmed Combat
 + Level 5.0 Spellcasting
 + Level 5.4 Conjurations
 + Level 0.5 Hexes
 + Level 0.5 Summonings
 + Level 0.5 Necromancy
 + Level 0.5 Translocations
 + Level 0.5 Transmutations
 + Level 0.5 Fire Magic
 + Level 0.5 Ice Magic
 + Level 0.5 Air Magic
 + Level 0.5 Earth Magic
 + Level 0.5 Poison Magic
 + Level 1.0 Invocations
 + Level 0.8 Evocations


You had 11 spell levels left.
You knew the following spells:

 Your Spells              Type           Power      Damage    Failure   Level
a - Kiss of Death         Conj/Necr      44%        2d8       7%          1

Your spell library contained the following spells:

 Spells                   Type           Power      Damage    Failure   Level
 Momentum Strike          Conj/Tloc      22%        3d8       10%         2
 Hailstorm                Conj/Ice       11%        3d5       21%         3


Dungeon Overview and Level Annotations

Branches:
Dungeon (1/15)

Altars:


Innate Abilities, Weirdness & Mutations

You have very sharp teeth.
Your uncanny sense of smell can sniff out nearby items.
Your experience applies equally to all skills.


Message History

Found a stone staircase leading down.
A rat comes into view.
The rat moves out of view.
A rat is nearby!
Found a scroll of teleportation.
You barely miss the rat. The rat closely misses you.
You barely miss the rat. The rat bites you.
You hit the rat.
You kill the rat!
There is a stone staircase leading down here.
A hobgoblin comes into view.
The hobgoblin shouts!
You see here a scroll of teleportation.
The negative energy hits the hobgoblin!
The hobgoblin is drained!
You kill the hobgoblin!
You feel drained.
f - a scroll of teleportation You see here a frilled lizard skeleton.
A goblin comes into view. It is wielding a +0 dagger.
The goblin shouts!
You miscast Kiss of Death.
You are very lightly contaminated with residual magic.
Nothing appears to happen.
The goblin barely misses you.
The negative energy hits the goblin!
The goblin is drained!
You kill the goblin!
You feel drained.
Your Invocations skill increases to level 1!
Your magical contamination has completely faded away.
Things that are here:
a +0 dagger; a goblin corpse The hobgoblin shouts!
A quokka and a rat come into view.
You reach to attack!
You closely miss the hobgoblin. You barely miss the quokka.
You bite the quokka, but do no damage. The quokka closely misses you.
You closely miss the quokka.
The hobgoblin hits you but does no damage.
You hit the quokka but do no damage. The quokka bites you.
Ouch! That really hurt!
You die...

*,,,,,,,,,* #..,,,,,,,* ******
*****##..,,,,,,,*
,,,,,***,,,,,...,,,,,,,* ######
,,,,,,,,,****#..,,,,,,,* ##.....
,,,,,,***** *.r,,,,,,,* ##......
,,,,,,,,,.#####.#******* #.......
###******......r####### #.......
..# *#.....g@.....####....... ..#
####.....###............ ..#
##.......#####....... ..#
##.###.....##.......
ยง##############.#####............
).......................####.....
.#############..#######..........
.### ##.## ########### ...# #..#
##########


You could see a quokka, a hobgoblin and a rat.

Vanquished Creatures
  2 dart slugs (D:1)
  2 bats (D:1)
  4 endoplasms (D:1)
  4 goblins (D:1)
  2 hobgoblins (D:1)
  4 ball pythons (D:1)
  3 frilled lizards (D:1)
  4 kobolds (D:1)
  2 rats (D:1)
27 creatures vanquished.

Notes
Turn   | Place    | Note
-------+----------+-------------------------------------------
     0 | D:1      | Nerdsrcool the Gnoll Reaver began the quest for the Orb.
     0 | D:1      | Reached XP level 1. HP: 20/20 MP: 6/6
   133 | D:1      | Reached XP level 2. HP: 22/22 MP: 7/7
   348 | D:1      | Reached skill level 5 in Spellcasting
   348 | D:1      | Reached XP level 3. HP: 10/22 MP: 6/9
   655 | D:1      | Reached skill level 1 in Invocations
   707 | D:1      | Slain by a quokka

Illustrated notes

Levels and vault maps discovered:
D:1:      elethiomel_arrival_infinity_welcomes_careful_drivers, layout_rooms,
          ebering_ecumenical_altar_rust

Skill      XL: |  1  2  3 |
---------------+----------+-----
Spellcasting   | 5 |  5.0
Invocations    | 1 |  1.0
Fighting       | |  4.5
Short Blades   | |  0.8
Long Blades    | |  0.8
Axes           | |  0.8
Maces & Flails | |  0.8
Polearms       | |  6.5
Staves         | |  0.8
Ranged Weapons | |  0.8
Throwing       | |  0.8
Armour         | |  0.8
Dodging        | |  4.5
Stealth        | |  0.8
Shields        | |  0.8
Unarmed Combat | |  0.8
Conjurations   | |  5.4
Hexes          | |  0.5
Summonings     | |  0.5
Necromancy     | |  0.5
Translocations | |  0.5
Transmutations | |  0.5
Fire Magic     | |  0.5
Ice Magic      | |  0.5
Air Magic      | |  0.5
Earth Magic    | |  0.5
Poison Magic   | |  0.5
Evocations     | |  0.8

Action                   || total
-------------------------++-------
Melee: Spear             ||    68
       Bite              ||     2
 Cast: Kiss of Death     ||     7
  Use: Scroll            ||     6
       Potion            ||     4
Armor: Leather armour    ||    22
Dodge: Dodged            ||    36

Table legend: (Time is in decaauts)
 A = Elapsed time spent in this place.
 B = Non-inter-level travel time spent in this place.
 C = Inter-level travel time spent in this place.
 D = Time resting spent in this place.
 E = Time spent auto-exploring this place.
 F = Levels seen in this place.
 G = Mean time per level.
                   A        B        C        D        E       F      G
               +--------+--------+--------+--------+--------+-----+--------+
         Total |    692 |    678 |     14 |      0 |    321 |   1 |  692.0 |
       Dungeon |    692 |    678 |     14 |      0 |    321 |   1 |  692.0 |
               +--------+--------+--------+--------+--------+-----+--------+

Top non-repeatable levels by time:
     D:1: 692 daAuts
